Unix NetHack Version 5.0.0-0 post-release - last build May  4 2026 22:22:43 (774f63e81ad911689b3a0859ea89b322d5daca8d,branch:main).

Game began 2026-05-06 18:04:49, ended 2026-05-06 18:21:22.

Ackbladder, lawful female human Knight

                                                              ----------------
                                                              |..............|
 -----------                                                  |<.............|
 |.........-###########################                       |..............|
 |.........|                    ############################)#...............|
 |.....%...+########             -------------               #---------|------
 |.........|#####                |C.........C|              ##      ####
 ----.------#   %                |.....C.....|              #      ##
     ########   #                |...-----...|              #      #
                #                |...|.{ |...|       ########  #####
                #                |..C|{.{|C..|     ###       --.--
                ###              |...|.{.....|     #         |...|
                  #%#############|...-----...|    #%        #-...|
                                #|.....C.....|   #%         #|...|
                                #|C.........C.###%#######%#%#+...|
                                #-------------#          #   |..^|
                     e@u##################################   |...|
                                                             -----

Ackbladder the Esquire   St:15 Dx:10 Co:14 In:7 Wi:14 Ch:17  Lawful
Dlvl:5  $:13 HP:0(35) Pw:46(46) AC:3  Xp:5 T:3473  Weak     Burdened

Latest messages:
 The saddled horse misses the rock piercer.
 The rock piercer bites the saddled horse.
 You kill the rock piercer!
 Welcome to experience level 5.
 You see here a rock piercer corpse.
 There is a rock piercer corpse here; eat it? [ynq] (n) y
 This rock piercer corpse is stringy.
 You finish eating the rock piercer corpse.
 You hit the floating eye!
 You are frozen by the floating eye's gaze!
 You hear some noises.
 The saddled horse hits it.
 You can move again.
 You hit the floating eye!
 You are frozen by the floating eye's gaze!
 You hear a jackal howling at the moon.
 You hear a jackal howling at the moon.
 You can move again.
 You hit the floating eye.
 You miss the floating eye.
 You are frozen by the floating eye's gaze!
 You hear a jackal howling at the moon.
 You hear convulsive ravings.
 You are beginning to feel hungry.
 You can move again.
 You miss the floating eye.
 You hit the floating eye.
 You are frozen by the floating eye's gaze!
 You hear a jackal howling at the moon.
 You are beginning to feel weak.
 You can move again.
 You hit the floating eye!
 You are frozen by the floating eye's gaze!
 The saddled horse is confused from hunger.
 The saddled horse kicks!
 The saddled horse bites!
 The saddled horse kicks!
 The saddled horse bites!
 The saddled horse kicks!
 The saddled horse bites!
 The saddled horse kicks!
 The saddled horse bites!
 The saddled horse kicks!
 The saddled horse bites!
 The saddled horse kicks!
 The saddled horse bites!
 The saddled horse kicks!
 You die...
 Do you want your possessions identified? [ynq] (y) y
 Do you want to see your attributes? [ynq] (y) q

Inventory:
 Coins    ('$')
  $ - 13 gold pieces
 Weapons  (')')
  K - 4 cursed +0 arrows (in quiver)
  a - a +1 long sword (weapon in right hand)
  b - a blessed +1 lance (alternate weapon; not wielded)
 Armor    ('[')
  d - an uncursed +0 helmet (being worn)
  f - an uncursed +0 pair of leather gloves (being worn)
  e - an uncursed +0 small shield (being worn)
  G - an uncursed +0 leather cloak
  c - an uncursed +1 ring mail (being worn)
 Comestibles  ('%')
  g - 8 uncursed apples
  h - 12 uncursed carrots
  O - an uncursed cram ration
  n - an uncursed food ration
  B - an uncursed pancake
  u - 2 uncursed tripe rations
 Scrolls  ('?')
  r - an uncursed scroll of destroy armor
  k - an uncursed scroll of genocide
  z - an uncursed scroll of identify
  A - an uncursed scroll of light
 Spellbooks  ('+')
  l - an uncursed spellbook of light
 Potions  ('!')
  m - a blessed potion of fruit juice
  L - a cursed potion of gain level
  t - an uncursed potion of hallucination
  H - an uncursed potion of healing
  N - a blessed potion of speed
 Rings    ('=')
  E - an uncursed ring of free action
  o - an uncursed ring of regeneration
  p - an uncursed ring of regeneration
 Wands    ('/')
  s - a wand of locking (0:7)
  M - a wand of magic missile (0:8)
  x - a wand of slow monster (0:7)
  q - a wand of slow monster (0:5)
 Tools    ('(')
  y - an empty uncursed bag of holding
  J - an empty uncursed bag of holding
  j - an uncursed leash
  F - a blessed magic lamp
 Gems/Stones  ('*')
  I - an uncursed garnet stone

Ackbladder the Knight's attributes:

Background:
 You were an Esquire, a level 5 female human Knight.
 You were lawful, nominally on a mission for Lugh
 who was opposed by Brigit (neutral) and Manannan Mac Lir (chaotic).
 You were right-handed.
 You were in the Dungeons of Doom, on level 5.
 You entered the dungeon 3473 turns ago.
 You had 160 experience points, 160 more were needed to attain level 6.

Basics:
 You had 0 out of 35 hit points.
 You had all 46 energy points (spell power).
 Your armor class was 3.
 Your wallet contained 13 zorkmids.
 Autopickup was off.

Final Characteristics:
 Your strength was 15 (base:16, limit:18/100).
 Your dexterity was 10 (limit:18).
 Your constitution was 14 (limit:18).
 Your intelligence was 7 (limit:18).
 Your wisdom was 14 (limit:18).
 Your charisma was 17 (limit:18).

Final Status:
 You were weak from severe hunger.
 You were burdened; movement was slightly slowed.
 You were wielding a long sword.
 You had basic skill with long sword.

Final Attributes:
 You were piously aligned.
 You were poison resistant.
 You were telepathic.
 You could jump.
 You were warded.
 Your spell casting was impaired by metallic armor.
 You are dead.

Miscellaneous:
 You didn't encounter any bones levels.
 Total elapsed playing time was 16 minutes and 33 seconds.

Major events:
 Turn
    1: Ackbladder the lawful female human Knight entered the dungeon
 1131: attained the rank of Esquire (level 3)
 1279: entered the Gnomish Mines
 3473: killed by a horse, while frozen by a floating eye's gaze

Spells:
 Name                 Level Category     Fail Retention
 light                  1   divination   100%  76%-100%

Skills:
 Fighting Skills
   bare handed combat [Unskilled]
   two weapon combat  [Unskilled]
   riding             [Basic]
 Weapon Skills
   dagger             [Unskilled]
   knife              [Unskilled]
   axe                [Unskilled]
   pick-axe           [Unskilled]
   short sword        [Unskilled]
   broadsword         [Unskilled]
   long sword         [Basic]
   two-handed sword   [Unskilled]
   saber              [Unskilled]
   club               [Unskilled]
   mace               [Unskilled]
   morning star       [Unskilled]
   flail              [Unskilled]
   hammer             [Unskilled]
   polearms           [Unskilled]
   spear              [Unskilled]
   trident            [Unskilled]
   lance              [Basic]
   bow                [Unskilled]
   crossbow           [Unskilled]
 Spellcasting Skills
   attack spells      [Unskilled]
   healing spells     [Unskilled]
   clerical spells    [Unskilled]

Voluntary challenges:
 Character rerolling was not enabled.
 You were an atheist.
 You never genocided any monsters.
 You never polymorphed an object.
 You never changed form.
 You used no wishes.
Achievements:
 You attained the rank of Esquire.
 You entered the Gnomish Mines.
 You entered a shop.

 The Dungeons of Doom: levels 1 to 5
    Level 1:
    Level 2:
       Some sinks.
    Level 3:
       Stairs down to The Gnomish Mines.
    Level 4:
       A general store, a fountain.
    Level 5: <- You were here.
       Many fountains.
       Final resting place for
          you, killed by a horse, while frozen by a floating eye's gaze.
 The Gnomish Mines:
    Level 4:


Vanquished creatures:
  2 rock piercers
  a pony
  2 gnome leaders
  a black naga hatchling
  a gray ooze
  a little dog
  2 floating eyes
  a kitten
  a homunculus
  a kobold leader
  a kobold shaman
  a giant bat
  2 orc zombies
 an acid blob
  4 coyotes
  a gas spore
  a large kobold
  a giant rat
  5 cave spiders
  a yellow mold
  a green mold
  3 garter snakes
  4 geckos
  5 jackals
  2 foxes
  3 kobolds
  2 goblins
  a grid bug
  a bat
  a lichen
  a kobold zombie
  5 newts
60 creatures vanquished.

No species were genocided or became extinct.

Game over:
                       ----------
                      /          \
                     /    REST    \
                    /      IN      \
                   /     PEACE      \
                  /                  \
                  |    Ackbladder    |
                  |      13 Au       |
                  |   killed by a    |
                  |      horse       |
                  |                  |
                  |                  |
                  |       2026       |
                 *|     *  *  *      | *
        _________)/\\_//(\/(/\)/\//\/|_)_______

Fare thee well Ackbladder the Knight...

You died in The Dungeons of Doom on dungeon level 5 with 852 points,
and 13 pieces of gold, after 3473 moves.
You were level 5 with a maximum of 35 hit points when you died.

